 Dungeon Crawl Stone Soup version 0.22-a0-358-g7563fe7 (webtiles) character file.

11 grindst0ne the Skirmisher (level 2, 0/24 HPs)
             Began as a Formicid Abyssal Knight on Apr 18, 2018.
             Was a Follower of Lugonu.
             Slain by a jackal (1 damage)
             ... on level 2 of the Dungeon.
             The game lasted 00:01:12 (473 turns).

grindst0ne the Skirmisher (Formicid Abyssal Knight)  Turns: 473, Time: 00:01:12

Health: 0/24       AC:  3    Str: 16    XL:     2   Next: 35%
Magic:  3/3        EV: 11    Int: 11    God:    Lugonu [*.....]
Gold:   20         SH:  0    Dex: 10    Spells: 1/1 levels left

rFire    . . .     SeeInvis +   a - +1 falchion
rCold    . . .     Gourm    .   (no shield)
rNeg     . . .     Faith    .   b - +0 leather armour
rPois    .         Spirit   .   (helmet unavailable)
rElec    .         Reflect  .   (no cloak)
rCorr    .         Harm     .   (no gloves)
MR       .....                  (no boots)
Stlth    +.........             (no amulet)
HPRegen  0.08/turn              (no ring)
MPRegen  0.08/turn              (no ring)

@: no status effects
A: permanent stasis, dig shafts and tunnels, four strong arms, antennae 3
a: Dig, Shaft Self, Depart the Abyss, Renounce Religion


You were on level 2 of the Dungeon.
You worshipped Lugonu.
Lugonu was aware of your devotion.
You were not hungry.

You visited 1 branch of the dungeon, and saw 2 of its levels.
You visited the Abyss 1 time.

You collected 20 gold pieces.

Inventory:

Hand Weapons
 a - a +1 falchion (weapon)
Armour
 b - a +0 leather armour (worn)
Comestibles
 c - 3 rations


   Skills:
 + Level 3.4 Fighting
 + Level 2.2 Long Blades
 + Level 2.4 Armour
 - Level 0.8 Dodging
 + Level 2.5 Invocations


You had one spell level left.
You didn't know any spells.

Dungeon Overview and Level Annotations

Branches:
Dungeon (1/15)

Altars:


Innate Abilities, Weirdness & Mutations

You cannot be hasted, slowed, berserked, paralysed or teleported.
You can dig through walls and to a lower floor.
Your four strong arms can wield two-handed weapons with a shield.
You have a pair of large antennae on your head. (SInv)


Message History

* * * LOW HITPOINT WARNING * * *
The jackal bites you but does no damage.
You miss the jackal.
The jackal is moderately wounded.
The jackal bites you.
* * * LOW HITPOINT WARNING * * *
The jackal misses you. The jackal barely misses you.
The jackal closely misses you.
It was a potion of haste.
Your stasis prevents you from being hasted.
The jackal bites you.
* * * LOW HITPOINT WARNING * * *
The jackal bites you but does no damage.
You slash the jackal!
You kill the jackal!
Lugonu accepts your kill. The bat hits you but does no damage.
The jackal bites you but does no damage.
The jackal bites you.
You die...

##+## ##...##
##.....##
##.......##
#.........#
+....>....+
#.........###
#...........
##b@...#.###
##†h.##
....## ####.#
#.# ... ...
....


You could see a jackal and a bat.

Vanquished Creatures
  A hobgoblin (D:1)
  5 jackals
  A frilled lizard (D:1)
  2 goblins (D:1)
9 creatures vanquished.

Notes
Turn   | Place    | Note
-------+----------+-------------------------------------------
     0 | Abyss:1  | grindst0ne the Formicid Abyssal Knight began the quest for the Orb.
     0 | Abyss:1  | Reached XP level 1. HP: 18/18 MP: 2/2
   115 | Abyss:1  | Noticed a smoke demon
   118 | D:1      | Escaped the Abyss
   194 | D:1      | Reached * piety under Lugonu
   194 | D:1      | Reached XP level 2. HP: 9/24 MP: 3/3
   435 | D:1      | You fall through a shaft!
   472 | D:2      | HP: 1/24 [jackal (1)]
   473 | D:2      | Slain by a jackal

Vault maps used:
D:1:      lightli_arrival_chessboard, serial_forest, infiniplex_forest_end_2,
          infiniplex_forest_lined_corner, infiniplex_forest_lined_corner,
          infiniplex_forest_end_3, minmay_tromino_mix6
D:2:      nemelex_xobeh_ov_fountains_minmay
Abyss:1:  evilmike_abyss_exit_13

Action                   || total
-------------------------++-------
Melee: Falchion          ||    31
Invok: Depart the Abyss  ||     1
 Abil: Shaft Self        ||     1
  Use: Potion            ||     1
Armor: Leather armour    ||    21
Dodge: Dodged            ||    17
       Rpst.: Falchion   ||     4

Table legend:
 A = Spawn XP
 B = Non-spawn XP
 C = Spawn XP percentage of total XP
 D = Spawn monster count
 E = Non-spawn monster count
 F = Spawn count percentage of total count
 G = Total turns spent on level
                    A         B        C        D         E        F      G
               +---------+---------+-------+---------+---------+-------+---------
         Total |       0 |      16 |   0.0 |       0 |       9 |   0.0 |   473
               +---------+---------+-------+---------+---------+-------+---------
           D:1 |       0 |      12 |   0.0 |       0 |       7 |   0.0 |   317
           D:2 |       0 |       4 |   0.0 |       0 |       2 |   0.0 |    38
               +---------+---------+-------+---------+---------+-------+---------
